 Dungeon Crawl Stone Soup version 0.30-a0-534-gdc55766716 (webtiles) character file.

Game seed: 2274995468976287885

2437 bande the Chopper (level 9, -1/55 HPs)
             Began as a Gargoyle Fighter on Dec 25, 2022.
             Was a Follower of Okawaru.
             Slain by a black bear (3 damage)
             ... on level 8 of the Dungeon.
             The game lasted 00:13:37 (8215 turns).

bande the Chopper (Gargoyle Fighter)                Turns: 8215, Time: 00:13:38

Health: -1/55      AC: 17    Str: 19    XL:     9   Next: 49%
Magic:  10/10      EV:  4    Int: 10    God:    Okawaru [*.....]
Gold:   151        SH: 11    Dex: 16    Spells: 8/8 levels left

rFire   . . .      SeeInvis .    A - +3 war axe
rCold   + . .      Faith    .    h - +1 kite shield
rNeg    + . .      Spirit   .    z - +0 plate armour
rPois   ∞          Reflect  .    u - +0 helmet
rElec   +          Harm     .    (no cloak)
rCorr   .          Rampage  .    y - +1 pair of gloves {Dex+3}
Will    .....                    o - +1 pair of boots Stlth
                                 (no amulet)
HPRegen 0.29/turn                g - ring of protection from cold
MPRegen 0.12/turn                (no ring)

@: corroded
A: sickness immunity, AC +6, negative energy resistance 1, electricity
resistance, torment resistance 1, petrification resistance
a: Renounce Religion, Heroism


You were on level 8 of the Dungeon.
You worshipped Okawaru.
Okawaru was aware of your devotion.
You visited 2 branches of the dungeon, and saw 9 of its levels.

You collected 361 gold pieces.
You spent 210 gold pieces at shops.

Inventory:

Hand Weapons
 a - a +0 war axe of freezing
 t - a +0 morningstar
 A - a +3 war axe (weapon)
Missiles
 v - 4 throwing nets (quivered)
Armour
 h - a +1 kite shield (worn)
 o - a +1 pair of boots (worn)
 u - a +0 helmet (worn)
 x - a +1 ring mail of fire resistance
 y - a +1 pair of gloves of dexterity (worn)
 z - a +0 plate armour (worn)
Jewellery
 g - a ring of protection from cold (left hand)
 q - a ring of fire
Wands
 n - a wand of paralysis (5)
Scrolls
 b - 2 scrolls of enchant armour
 l - a scroll of teleportation
 m - 2 scrolls of silence
Potions
 c - 5 potions of curing
 d - 2 potions of might
 e - 2 potions of flight
 f - a potion of ambrosia
 i - 3 potions of magic
 j - 2 potions of berserk rage
 k - 2 potions of heal wounds
 p - a potion of haste {unknown}
 r - 2 potions of lignification {unknown}
 s - a potion of brilliance {unknown}


   Skills:
 + Level 6.2 Fighting
 + Level 7.4 Axes
 + Level 6.1 Armour
 + Level 5.9 Shields
 * Level 2.5 Invocations
 * Level 3.8 Evocations


You had 8 spell levels left.
You didn't know any spells.
Your spell library contained the following spells:

 Spells                   Type           Power      Damage    Failure   Level
 Apportation              Tloc           0%         N/A       100%        1
 Slow                     Hex            0%         N/A       100%        1
 Confusing Touch          Hex            0%         N/A       100%        3
 Gell's Gravitas          Tloc           0%         N/A       100%        3
 Lesser Beckoning         Tloc           0%         N/A       100%        3
 Teleport Other           Tloc           0%         N/A       100%        3
 Vampiric Draining        Necr           0%         2d6       100%        3
 Alistair's Intoxication  Tmut/Pois      0%         N/A       100%        5
 Blade Hands              Tmut           0%         N/A       100%        5
 Irradiate                Conj/Tmut      0%         3d11      100%        5
 Dragon Form              Tmut           0%         N/A       100%        7


Dungeon Overview and Level Annotations

Branches:
Dungeon (8/15)             Temple (1/1) D:5
   Lair: D:8-11

Altars:
Ashenzari
Cheibriados
Dithmenos
Elyvilon
Fedhas
Gozag
Hepliaklqana
Kikubaaqudgha
Makhleb
Nemelex Xobeh
Okawaru
Qazlal
Ru
Sif Muna
Trog
Uskayaw
Vehumet
Wu Jian
Xom
Yredelemnul
Zin
The Shining One

Shops:
D:4 (   D:6 ![


Innate Abilities, Weirdness & Mutations

You are immune to sickness and miasma.
Your stone body is resilient. (AC +6)
You are immune to poison.
You resist negative energy. (rN+)
You are resistant to electric shocks. (rElec)
You are resistant to unholy torment.
You are immune to petrification.


Message History

You slash the acid dragon!
The acid dragon is moderately wounded.
You hit the black bear but do no damage.
The black bear bites you.
The black bear claws you but does no damage. x2
You block the acid dragon's attack. x2
Unknown command.
You hit the acid dragon but do no damage.
The acid dragon is moderately wounded.
You hit the black bear. The acid dragon bites you! The acid dragon claws you.
* * * LOW HITPOINT WARNING * * *
You block the black bear's attack.
The black bear claws you but does no damage. x2
The black bear bites you.
* * * LOW HITPOINT WARNING * * *
The black bear claws you but does no damage. x2
The acid dragon barely misses you. x2
Unknown command.
You slash the acid dragon!
The acid dragon is heavily wounded.
You barely miss the black bear.
The black bear bites you but does no damage.
You block the black bear's attack. x2; You block the acid dragon's attack.
The acid dragon claws you but does no damage.
Unknown command.
You hit the acid dragon.
The acid dragon is severely wounded.
You hit the black bear.
The black bear goes berserk!
The acid dragon bites you!
* * * LOW HITPOINT WARNING * * *
You block the acid dragon's attack.
You hit the acid dragon.
The acid dragon is almost dead.
You barely miss the black bear. You block the black bear's attack.
The black bear claws you but does no damage.
The black bear completely misses you. You block the acid dragon's attack.
The acid dragon claws you but does no damage.
You block the black bear's attack. The black bear claws you.
* * * LOW HITPOINT WARNING * * *
The black bear claws you.
You die...

......# #. #.....# ##
#.##........#
..........#..## ......
..............
##..#.##..........#.####
...............Dh.>....
##..............@.......
...........##.....#[.###
..................# ....
......# #.####...#..###
......####.####.........
.......(................
.......###........#..###
....#..# #.##.#.#....#
....#..# #.##.#.#.#..#


You could see a black bear (berserk) and an acid dragon.

Vanquished Creatures
  Menkaure (D:6)
  An ice beast (D:8)
  2 orc warriors (D:6)
  3 black bears
  An ogre (D:7)
  A kobold brigand (D:7)
  2 gnoll sergeants
  A necrophage (D:5)
  4 wights (D:7)
  5 howler monkeys
  A crimson imp (D:7)
  6 hounds
  4 orc priests
  3 jellies
  A gnoll bouda (D:5)
  3 iguanas
  6 orc wizards
  12 gnolls
  11 adders
  A white imp (D:7)
  3 worms
  3 dart slugs
  22 orcs
  2 endoplasms
  4 giant cockroaches
  9 hobgoblins
  6 jackals
  4 quokkas
  10 ball pythons
  3 bats
  5 frilled lizards
  4 goblins
  16 kobolds
  7 rats
167 creatures vanquished.

Notes
Turn   | Place    | Note
-------+----------+-------------------------------------------
     0 | D:1      | bande the Gargoyle Fighter began the quest for the Orb.
     0 | D:1      | Reached XP level 1. HP: 14/14 MP: 1/1
   123 | D:1      | Reached XP level 2. HP: 19/19 MP: 2/2
   216 | D:1      | Reached skill level 2 in Axes
   463 | D:1      | Reached XP level 3. HP: 23/23 MP: 3/3
   861 | D:1      | Found a faded altar of an unknown god.
  1563 | D:3      | Reached XP level 4. HP: 27/29 MP: 4/4
  1792 | D:3      | Reached skill level 3 in Axes
  1933 | D:3      | Reached XP level 5. HP: 33/33 MP: 5/5
  2361 | D:4      | Reached XP level 6. HP: 36/38 MP: 6/6
  2374 | D:4      | Found Zocvoeco's Weapon Shoppe.
  2587 | D:4      | Reached skill level 4 in Axes
  3683 | D:5      | Entered Level 5 of the Dungeon
  3843 | D:5      | Reached XP level 7. HP: 25/44 MP: 7/7
  4072 | D:5      | Reached skill level 5 in Axes
  4075 | D:5      | Reached skill level 1 in Evocations
  4226 | D:5      | Found a staircase to the Ecumenical Temple.
  4239 | Temple   | Entered the Ecumenical Temple
  4625 | D:5      | Reached skill level 5 in Shields
  4637 | D:5      | Reached skill level 5 in Fighting
  4646 | D:5      | Reached XP level 8. HP: 15/49 MP: 8/8
  4653 | D:5      | Reached skill level 5 in Armour
  5006 | D:6      | Noticed Menkaure
  5006 | D:6      | Found Bibyuj's Distillery.
  5234 | D:6      | Killed Menkaure
  5666 | D:6      | Found Bexoi's Antique Armour Emporium.
  5680 | D:6      | Reached skill level 6 in Axes
  5759 | D:6      | Bought a pair of glowing gloves for 210 gold pieces
  6551 | D:6      | Found a bloodstained altar of Trog.
  6553 | D:6      | Found an ornate altar of the Wu Jian Council.
  6554 | D:6      | Found a shimmering altar of Xom.
  6562 | D:6      | Found an iron altar of Okawaru.
  6564 | D:6      | Found a basalt altar of Yredelemnul.
  6565 | D:6      | Found an opulent altar of Gozag.
  6568 | D:6      | Became a worshipper of Warmaster Okawaru
  6570 | D:6      | Found a glowing silver altar of Zin.
  6573 | D:6      | Found a shadowy altar of Dithmenos.
  6574 | D:6      | Found a sparkling altar of Nemelex Xobeh.
  6857 | D:7      | Found a white marble altar of Elyvilon.
  6892 | D:7      | Reached skill level 1 in Invocations
  6892 | D:7      | Reached XP level 9. HP: 55/55 MP: 9/9
  6899 | D:7      | Reached skill level 7 in Axes
  6981 | D:7      | Reached * piety under Okawaru
  7385 | D:7      | Found a burning altar of Makhleb.
  7385 | D:7      | Found a radiant altar of Vehumet.
  8215 | D:8      | HP: 2/55 [black bear (3)]
  8215 | D:8      | Slain by a black bear

Illustrated notes

Levels and vault maps discovered:
D:1:      spicycebolla_arrival_xxxplode, layout_loops_corners,
          dreamdust_ecumenical_altar_angels_and_demons
D:2:      layout_basic
D:3:      minmay_recursive_quarters, layout_rooms
D:4:      layout_rooms, serial_shops, nicolae_shop_bloodbath_and_beyond
D:5:      layout_rooms, minmay_temple_entry_ruins, dreamdust_gnoll_farm
D:6:      layout_loops_ring, nicolae_overflow_hallway_of_the_gods, serial_shops,
          shop, nicolae_take_the_stairs, uniq_menkaure
D:7:      layout_basic, grunt_temple_overflow_lords_of_destruction,
          elyvilon_altar_4
D:8:      layout_basic, nicolae_ossuary_entry_false_entrances,
          kennysheep_windowed_goal
Temple:   zaba_magenta_temple

Skill      XL: |  1  2  3  4  5  6  7  8  9 |
---------------+----------------------------+-----
Axes           | 2 3 4 5 6 7 |  7.4
Armour         | 4 5 6 |  6.1
Shields        | 4 5 |  5.9
Fighting       | 4 5 6 |  6.2
Evocations     | 1 3 |  3.8
Invocations    | 1 2 |  2.5

Action                   |  1- 3 |  4- 6 |  7- 9 || total
-------------------------+-------+-------+-------++-------
Melee: War axe           |   137 |   206 |   293 ||   636
  Use: Scroll            |     5 |    12 |     2 ||    19
       Potion            |       |       |     1 ||     1
Armor: Scale mail        |    77 |    63 |       ||   140
       Chain mail        |       |    67 |   139 ||   206
       Plate armour      |       |       |    89 ||    89
Dodge: Dodged            |    58 |    55 |    55 ||   168
Block: Buckler           |    11 |       |       ||    11
       Kite shield       |    62 |   114 |   173 ||   349

Table legend: (Time is in decaauts)
 A = Elapsed time spent in this place.
 B = Non-inter-level travel time spent in this place.
 C = Inter-level travel time spent in this place.
 D = Time resting spent in this place.
 E = Time spent auto-exploring this place.
 F = Levels seen in this place.
 G = Mean time per level.
                   A        B        C        D        E       F      G
               +--------+--------+--------+--------+--------+-----+--------+
         Total |   8491 |   8340 |    151 |   2782 |   3684 |   9 |  943.4 |
       Dungeon |   8409 |   8258 |    151 |   2782 |   3643 |   8 | 1051.1 |
        Temple |     81 |     81 |      0 |      0 |     41 |   1 |   81.0 |
               +--------+--------+--------+--------+--------+-----+--------+

Top non-repeatable levels by time:
     D:6: 1604 daAuts
     D:5: 1499 daAuts
     D:7: 1320 daAuts
     D:3: 1283 daAuts
     D:1: 1026 daAuts
     D:4: 997 daAuts
     D:2: 543 daAuts
     D:8: 135 daAuts
  Temple: 81 daAuts
